 Dungeon Crawl Stone Soup version 0.18.1-5-g4a78601 (webtiles) character file.

83 oplop the Insei (level 4, -1/29 HPs)
             Began as an Octopode Transmuter on May 9, 2016.
             Slain by an orc wizard
             ... wielding a +0 dagger
              (3 damage)
             ... on level 4 of the Dungeon.
             The game lasted 00:03:43 (2434 turns).

oplop the Insei (Octopode Transmuter)               Turns: 2434, Time: 00:03:43

Health: -1/29      AC:  1    Str:  9    XL:     4   Next: 44%
Magic:  1/7        EV: 12    Int: 16    God:
Gold:   150        SH:  0    Dex: 12    Spells: 3 memorised, 2 levels left

rFire  . . .     SeeInvis .       - Unarmed
rCold  + . .     Gourm    .     (no shield)
rNeg   . . .     Faith    .     (helmet restricted)
rPois  .         Spirit   .     (no amulet)
rElec  .         Dismiss  .     f - ring of protection from cold
rCorr  .         Reflect  .     (no ring)
SustAt .         Harm     .     (no ring)
MR     .....                    (no ring)
Stlth  ++........               (no ring)
                                (no ring)
                                (no ring)
                                (no ring)

@: very slightly contaminated, not resistant to hostile enchantments, unstealthy
A: almost no armour, amphibious, 8 rings, constrict 8, camouflage 1, gelatinous
body 1
a: no special abilities


You were on level 4 of the Dungeon.
You were near starving.

You visited 1 branch of the dungeon, and saw 4 of its levels.

You collected 150 gold pieces.

Inventory:

Missiles
 a - 33 arrows
Jewellery
 f - a ring of protection from cold (left tentacle)
 q - a cursed ring of stealth {unknown}
 r - an uncursed ring of wizardry {unknown}
 y - an uncursed ring of ice {unknown}
Wands
 l - a wand of slowing (36/48)
Scrolls
 d - a scroll of random uselessness {unknown}
 e - 2 scrolls of remove curse {unknown}
 h - 5 scrolls of teleportation {unknown}
 i - 3 scrolls of identify {unknown}
 j - a scroll of amnesia {unknown}
 t - 2 scrolls of fear {unknown}
 w - a scroll of fog {unknown}
 x - a scroll of enchant weapon {unknown}
Potions
 g - 2 potions of cancellation {unknown}
 k - a potion of ambrosia {unknown}
 m - a potion of magic {unknown}
 n - a potion of heal wounds {unknown}
 o - a potion of might {unknown}
 s - a potion of degeneration {unknown}
 u - a potion of agility {unknown}
 z - a potion of berserk rage {unknown}
Books
 b - a book of Changes

   Spells                             Type                      Level
   a - Beastly Appendage              Transmutation                1
   b - Sticks to Snakes               Transmutation                2
   c - Spider Form                    Transmutation/Poison         3
   d - Ice Form                       Ice/Transmutation            4
   e - Blade Hands                    Transmutation                5
Comestibles
 c - 2 bread rations
 p - 6 fruits
 v - a beef jerky


   Skills:
 + Level 1.7 Fighting
 + Level 2.5 Dodging
 + Level 3.3 Unarmed Combat
 + Level 2.5 Spellcasting
 * Level 3.1 Transmutations


You had 2 spell levels left.
You knew the following spells:

 Your Spells              Type           Power        Failure   Level  Hunger
a - Beastly Appendage     Trmt           ##....       8%          1    #......
b - Sticks to Snakes      Trmt           ##......     10%         2    ##.....
c - Spider Form           Trmt/Pois      #.........   34%         3    ###....


Dungeon Overview and Level Annotations

Branches:
Dungeon (4/15)
 Temple: D:4-7

Altars:
Nemelex Xobeh
Pakellas

Annotations:
D:3 Grinder


Innate Abilities, Weirdness & Mutations

You cannot wear most types of armour.
You are amphibious.
You can wear up to eight rings at the same time.
You can use your tentacles to constrict eight enemies at once.
Your skin changes colour to match your surroundings (Stealth).
Your rubbery body absorbs attacks (AC +1).


Message History

Unknown command.
You tentacle-slap the orc wizard but do no damage.
You grab the orc wizard. You squeeze the orc wizard!
The orc wizard is heavily wounded.
You constrict the orc wizard. The orc wizard hits you with a dagger.
The orc misses you.
Unknown command.
You tentacle-slap the orc wizard but do no damage.
The orc wizard is heavily wounded.
You constrict the orc wizard.
The orc wizard hits you but does no damage.
The orc wizard hits you with a dagger.
Unknown command.
You tentacle-slap the orc wizard.
The orc wizard is severely wounded.
You constrict the orc wizard.
The orc hits you with a flail of protection!
* * * LOW HITPOINT WARNING * * *
The orc wizard hits you with a dagger.
You die...

#### #.<#
#.##o# #.#
o# #.# o#
#.# .# #.#
.# #
#.##o#.##.#
#.@o.w....#
###o.#.###
#.## #(#
#.# #.# #..
###


You could see an orc wizard, a dart slug and 2 orcs.

Vanquished Creatures
  An adder (D:2)
  An ooze (D:1)
  2 worms
  2 dart slugs (D:2)
  A giant gecko (D:1)
  3 orcs
  5 giant cockroaches
  5 goblins
  8 hobgoblins
  4 jackals (D:1)
  5 kobolds (D:1)
  A quokka (D:3)
  A ball python (D:3)
  6 bats
  2 giant newts (D:2)
  2 rats
49 creatures vanquished.

Notes
Turn   | Place    | Note
--------------------------------------------------------------
     0 | D:1      | oplop the Octopode Transmuter began the quest for the Orb.
     0 | D:1      | Reached XP level 1. HP: 13/13 MP: 3/3
    14 | D:1      | Noticed a minotaur skeleton
    16 | D:1      | Noticed a minotaur skeleton
    20 | D:1      | Noticed a minotaur skeleton
   275 | D:1      | Reached XP level 2. HP: 6/18 MP: 3/5
   569 | D:1      | Learned a level 2 spell: Sticks to Snakes
   906 | D:1      | Reached XP level 3. HP: 23/23 MP: 4/6
  1603 | D:2      | Found an oddly glowing altar of Pakellas.
  1699 | D:2      | Reached XP level 4. HP: 26/28 MP: 5/7
  2018 | D:3      | Learned a level 3 spell: Spider Form
  2022 | D:3      | Noticed Grinder
  2192 | D:3      | Found a sparkling altar of Nemelex Xobeh.
  2434 | D:4      | Slain by an orc wizard

Skill      XL: |  1  2  3  4 |
---------------+-------------+-----
Transmutations | 3 |  3.1
Fighting       | |  1.7
Dodging        | |  2.5
Unarmed Combat | |  3.3
Spellcasting   | |  2.5

Action                   |  1- 3 |  4- 6 || total
-------------------------+-------+-------++-------
Melee: Unarmed           |    72 |    36 ||   108
       Constrict         |    27 |    11 ||    38
       Tentacles         |    14 |     8 ||    22
       Kick              |     9 |     8 ||    17
       Punch             |     2 |     1 ||     3
 Cast: Beastly Appendage |    17 |    10 ||    27
       Spider Form       |       |     2 ||     2
       Sticks to Snakes  |       |     2 ||     2
 Stab: Sleeping          |     6 |     2 ||     8
  Eat: Chunk             |     2 |     2 ||     4
Armor: Skin              |     4 |     3 ||     7
Dodge: Dodged            |    44 |    28 ||    72
